Connexion

Phantoms vs Senators

Created - 17 mars 2024 at 08:03

Goals
1 2 3 T
Phantoms 1 1 0 2
Senators 3 2 1 6
Shots
1 2 3 T
Phantoms 11 9 12 32
Senators 15 14 11 40

GoalsPenalties
1st period
1. Senators , Jack Rathbone 14 (Adam Beckman 32, Akil Thomas 32) at 2:20
2. Senators , Ryan Merkley 8 (Jamieson Rees 18, Zac Jones 41) at 3:12
3. Senators , Akil Thomas 26 (Ian Mitchell 37, Jack Rathbone 29) at 3:30
4. Phantoms , Seth Griffith 33 (Brady Keeper 31, Michael McCarron 31) at 7:27
Antoine Roussel (BEL) for Slashing (Minor) at 8:22
Manuel Wiederer (ADI) for Holding (Minor) at 8:22
2nd period
5. Senators , Martin Chromiak 6 (Layton Ahac 26, Ben Jones 20) at 0:44
6. Senators , Ben Jones 16 (Joey Keane 24, Layton Ahac 27) at 17:00
7. Phantoms , Lucas Wallmark 11 (Ben Harpur 36, Brady Keeper 32) at 17:32
Joey Keane (BEL) for Roughing (Minor) at 3:26
Jake Mccabe (ADI) for High sticking (Minor) at 7:49
3rd period
8. Senators , Wade Allison 21 (Akil Thomas 33, Zac Jones 42) at 15:44
Ben Jones (BEL) for Tripping (Minor) at 16:22
Goalie Stats
Kevin Poulin (ADI), 13 saves from 17 shots - (0,765), L, 25-30-5, 20:44 minutes
David Honzik (ADI), 21 saves from 23 shots - (0,913), 39:16 minutes
Leevi Merilainen (BEL), 30 saves from 32 shots - (0,938), W, 35-25-4, 60:00 minutes
3 StarsOfficial
1 - Akil Thomas (BEL)
2 - Jack Rathbone (BEL)
3 - Wade Allison (BEL)
Referees : Mike Hasenfratz and Stephane Auger
Linesman : Lyle Seitz and Derek Amell
Game Note
David Honzik enters game at 0:44 of 2nd period
Finance
Level 1 -- Attendance: 2000 (100,00%) -- Ticket Income $70,000
Level 2 -- Attendance: 882 (88,20%) -- Ticket Income $17,640
Total Attendance: 2882 (96,07%)
Total Ticket Income: $87,640
Other Income: $17,528
Total Income: $105,168



Team Name Goals Shots Shots Attemp Shots Blocked PIM HIT PP PK FO%
Phantoms 23268154200 / 2 (0%)055%
Senators 6408296210 / 1 (0%)045%

Phantoms
Player Name POS G A P +/- PIM HIT SHT SB MP PP MP PP SHT PK MP PK SHT FO% FOT
Adam MascherinC/LW000-1002017:031:1000:0000% 1
Avery PetersonC000000000:110:0000:1100% 0
Ben HarpurD0111002321:191:1021:0900% 0
Brady KeeperD0221003021:171:1001:0900% 0
Brett McKenzieLW0000030016:380:0000:10050% 2
Curtis DouglasC000000000:000:0000:0000% 0
Jack RamseyD000-1000213:570:0000:5000% 0
Jake MccabeD000-4240624:432:4800:0000% 0
Joshua JacobsD000-4010125:342:4800:5000% 0
Logan HutskoRW0000001016:280:0000:0000% 0
Lucas WallmarkC1010022217:140:0000:46060% 25
Luke HenmanC000-200102:160:0000:00033% 3
Manuel WiedererC/RW000-1226017:021:1000:0000% 1
Michael McCarronC/RW011-3063024:372:4810:36050% 26
Patrick SieloffD000-1000013:090:0000:0000% 0
Seth GriffithC/LW/RW101-1004021:572:4801:13040% 5
Tyler SikuraC/LW000-3005024:372:4820:36050% 2
Victor RaskC000-1023117:581:1000:26067% 24
Senators
Player Name POS G A P +/- PIM HIT SHT SB MP PP MP PP SHT PK MP PK SHT FO% FOT
Adam BeckmanC/LW0112005017:440:4900:0000% 0
Akil ThomasC/RW1232005017:440:4900:00048% 27
Alex BeaucageLW/RW0001001014:120:0000:1200% 1
Aliaksei ProtasC0000032021:291:1002:49055% 22
Antoine RousselLW/RW0001225224:301:1002:12071% 7
Ben JonesC1121243014:430:0000:00038% 21
Cole SchwindtC/RW0000011218:221:1000:5700% 2
Ian MitchellD0112010121:130:4801:3200% 0
Jack RathboneD1122002121:130:4801:3200% 0
Jamieson ReesC011100106:090:0000:49025% 4
Joey KeaneD0111231014:390:1500:0000% 0
Layton AhacD0221010014:400:1500:0000% 0
Linus WeissbachLW000100005:120:0000:000100% 1
Martin ChromiakLW/RW1011004014:000:0000:0000% 1
Ryan MerkleyD1011023324:070:5622:2600% 0
Tyler MaddenC000000000:570:0000:0000% 1
Wade AllisonRW1012046018:590:4900:5700% 2
Zac JonesD0221001024:070:5612:2600% 0



Play-by-Play

1st period


0:01 of 1st period - Antoine Roussel wins face-off versus Michael McCarron in neutral zone.
0:04 of 1st period - Seth Griffith is hit by Cole Schwindt and loses puck.
0:15 of 1st period - Seth Griffith is hit by Ryan Merkley and loses puck.
0:36 of 1st period - Shot by Seth Griffith.
0:36 of 1st period - Shot Blocked by Ryan Merkley.
0:38 of 1st period - Shot by Joshua Jacobs.
0:38 of 1st period - Shot Misses the Net.
1:15 of 1st period - Ian Mitchell is hit by Victor Rask and loses puck.
1:22 of 1st period - Shot by Victor Rask.
1:22 of 1st period - Stopped by Leevi Merilainen without a rebound.
1:23 of 1st period - Lucas Wallmark wins face-off versus Ben Jones in Senators zone.
1:35 of 1st period - Logan Hutsko is hit by Layton Ahac and loses puck.
1:46 of 1st period - Shot by Martin Chromiak.
1:46 of 1st period - Stopped by Kevin Poulin with a rebound.
2:00 of 1st period - Shot by Lucas Wallmark.
2:00 of 1st period - Stopped by Leevi Merilainen without a rebound.
2:01 of 1st period - Akil Thomas wins face-off versus Luke Henman in Senators zone.
2:06 of 1st period - Shot by Luke Henman.
2:06 of 1st period - Stopped by Leevi Merilainen with a rebound.
2:20 of 1st period - Shot by Jack Rathbone.
2:20 of 1st period - Goal by Jack Rathbone - Phantoms : 0 - Senators : 1.
2:21 of 1st period - Linus Weissbach wins face-off versus Victor Rask in neutral zone.
2:26 of 1st period - Icing by Ben Harpur.
2:27 of 1st period - Akil Thomas wins face-off versus Victor Rask in Phantoms zone.
2:32 of 1st period - Shot by Adam Beckman.
2:32 of 1st period - Shot Misses the Net.
2:40 of 1st period - Shot by Adam Mascherin.
2:40 of 1st period - Stopped by Leevi Merilainen without a rebound.
2:41 of 1st period - Jamieson Rees wins face-off versus Michael McCarron in Senators zone.
3:10 of 1st period - Shot by Jamieson Rees.
3:10 of 1st period - Shot Misses the Net.
3:12 of 1st period - Shot by Ryan Merkley.
3:12 of 1st period - Goal by Ryan Merkley - Phantoms : 0 - Senators : 2.
3:13 of 1st period - Akil Thomas wins face-off versus Victor Rask in neutral zone.
3:20 of 1st period - Shot by Adam Beckman.
3:20 of 1st period - Shot Misses the Net.
3:22 of 1st period - Shot by Jack Rathbone.
3:22 of 1st period - Stopped by Kevin Poulin with a rebound.
3:24 of 1st period - Shot by Jack Rathbone.
3:24 of 1st period - Shot Blocked by Ben Harpur.
3:26 of 1st period - Shot by Ian Mitchell.
3:26 of 1st period - Shot Misses the Net.
3:28 of 1st period - Shot by Ian Mitchell.
3:28 of 1st period - Shot Misses the Net.
3:30 of 1st period - Shot by Akil Thomas.
3:30 of 1st period - The goal is going for a video replay.
3:30 of 1st period - The goal is good.
3:30 of 1st period - Goal by Akil Thomas - Phantoms : 0 - Senators : 3.
3:31 of 1st period - Lucas Wallmark wins face-off versus Ben Jones in neutral zone.
4:21 of 1st period - Seth Griffith is hit by Ben Jones and loses puck.
4:54 of 1st period - Shot by Antoine Roussel.
4:54 of 1st period - Shot Misses the Net.
5:12 of 1st period - Aliaksei Protas is hit by Michael McCarron and loses puck.
5:41 of 1st period - Shot by Victor Rask.
5:41 of 1st period - Shot Hit the Post.
5:43 of 1st period - Shot by Victor Rask.
5:43 of 1st period - Shot Misses the Net.
6:14 of 1st period - Icing by Patrick Sieloff.
6:15 of 1st period - Lucas Wallmark wins face-off versus Akil Thomas in Phantoms zone.
6:17 of 1st period - Icing by Patrick Sieloff.
6:18 of 1st period - Akil Thomas wins face-off versus Brett McKenzie in Phantoms zone.
6:23 of 1st period - Shot by Wade Allison.
6:23 of 1st period - Stopped by Kevin Poulin without a rebound.
6:24 of 1st period - Brett McKenzie wins face-off versus Akil Thomas in Phantoms zone.
6:46 of 1st period - Shot by Akil Thomas.
6:46 of 1st period - Shot Misses the Net.
6:48 of 1st period - Shot by Akil Thomas.
6:48 of 1st period - Stopped by Kevin Poulin without a rebound.
6:49 of 1st period - Michael McCarron wins face-off versus Ben Jones in Phantoms zone.
7:06 of 1st period - Shot by Michael McCarron.
7:06 of 1st period - Shot Misses the Net.
7:27 of 1st period - Shot by Seth Griffith.
7:27 of 1st period - Goal by Seth Griffith - Phantoms : 1 - Senators : 3.
7:28 of 1st period - Victor Rask wins face-off versus Akil Thomas in neutral zone.
7:48 of 1st period - Wade Allison is hit by Jake Mccabe and loses puck.
8:22 of 1st period - Minor Penalty to Antoine Roussel for Slashing.
8:22 of 1st period - Minor Penalty to Manuel Wiederer for Holding.
8:23 of 1st period - Michael McCarron wins face-off versus Tyler Madden in neutral zone.
8:38 of 1st period - Shot by Michael McCarron.
8:38 of 1st period - Shot Misses the Net.
9:24 of 1st period - Icing by Joshua Jacobs.
9:25 of 1st period - Ben Jones wins face-off versus Seth Griffith in Phantoms zone.
9:32 of 1st period - Shot by Jamieson Rees.
9:32 of 1st period - Stopped by Kevin Poulin without a rebound.
9:33 of 1st period - Ben Jones wins face-off versus Michael McCarron in Phantoms zone.
9:56 of 1st period - Shot by Ben Jones.
9:56 of 1st period - Shot Misses the Net.
9:58 of 1st period - Shot by Aliaksei Protas.
9:58 of 1st period - Shot Blocked by Ben Harpur.
10:28 of 1st period - Shot by Joey Keane.
10:28 of 1st period - Stopped by Kevin Poulin without a rebound.
10:29 of 1st period - Lucas Wallmark wins face-off versus Jamieson Rees in Phantoms zone.
10:56 of 1st period - Jack Ramsey is hit by Antoine Roussel and loses puck.
11:41 of 1st period - Shot by Wade Allison.
11:41 of 1st period - Shot Misses the Net.
11:44 of 1st period - Icing by Jake Mccabe.
11:45 of 1st period - Victor Rask wins face-off versus Ben Jones in Phantoms zone.
12:09 of 1st period - Icing by Alex Beaucage.
12:10 of 1st period - Seth Griffith wins face-off versus Ben Jones in Senators zone.
12:23 of 1st period - Shot by Tyler Sikura.
12:23 of 1st period - Stopped by Leevi Merilainen with a rebound.
12:25 of 1st period - Shot by Brady Keeper.
12:25 of 1st period - Stopped by Leevi Merilainen without a rebound.
12:26 of 1st period - Lucas Wallmark wins face-off versus Akil Thomas in Senators zone.
12:32 of 1st period - Icing by Ryan Merkley.
12:33 of 1st period - Michael McCarron wins face-off versus Akil Thomas in Senators zone.
12:57 of 1st period - Shot by Akil Thomas.
12:57 of 1st period - Shot Misses the Net.
13:35 of 1st period - Off-side.
13:36 of 1st period - Lucas Wallmark wins face-off versus Aliaksei Protas in neutral zone.
13:36 of 1st period - Lucas Wallmark is hit by Aliaksei Protas.
13:52 of 1st period - Shot by Brett McKenzie.
13:52 of 1st period - Shot Blocked by Cole Schwindt.
14:15 of 1st period - Icing by Ian Mitchell.
14:16 of 1st period - Victor Rask wins face-off versus Aliaksei Protas in Senators zone.
14:17 of 1st period - Shot by Adam Mascherin.
14:17 of 1st period - Deflect By Victor Rask.
14:17 of 1st period - Shot Blocked by Antoine Roussel.
14:46 of 1st period - Victor Rask is hit by Joey Keane and loses puck.
15:04 of 1st period - Brady Keeper is hit by Joey Keane and loses puck.
15:26 of 1st period - Icing by Ben Jones.
15:27 of 1st period - Ben Jones wins face-off versus Lucas Wallmark in Senators zone.
15:27 of 1st period - Joey Keane is hit by Brett McKenzie and loses puck.
15:36 of 1st period - Shot by Logan Hutsko.
15:36 of 1st period - Stopped by Leevi Merilainen without a rebound.
15:37 of 1st period - Aliaksei Protas wins face-off versus Lucas Wallmark in Senators zone.
15:37 of 1st period - Aliaksei Protas is hit by Brett McKenzie.
16:09 of 1st period - Shot by Aliaksei Protas.
16:09 of 1st period - Shot Misses the Net.
16:11 of 1st period - Shot by Zac Jones.
16:11 of 1st period - Shot Misses the Net.
16:13 of 1st period - Shot by Cole Schwindt.
16:13 of 1st period - Deflect By Aliaksei Protas.
16:13 of 1st period - Stopped by Kevin Poulin with a rebound.
16:15 of 1st period - Shot by Antoine Roussel.
16:15 of 1st period - Deflect By Cole Schwindt.
16:15 of 1st period - Shot Misses the Net.
16:42 of 1st period - Shot by Wade Allison.
16:42 of 1st period - Stopped by Kevin Poulin with a rebound.
16:44 of 1st period - Shot by Ian Mitchell.
16:44 of 1st period - Shot Blocked by Jake Mccabe.
16:47 of 1st period - Adam Beckman is hit by Jake Mccabe and loses puck.
17:01 of 1st period - Wade Allison is hit by Jake Mccabe and loses puck.
17:25 of 1st period - Icing by Joey Keane.
17:26 of 1st period - Michael McCarron wins face-off versus Ben Jones in Senators zone.
17:29 of 1st period - Shot by Seth Griffith.
17:29 of 1st period - Stopped by Leevi Merilainen without a rebound.
17:30 of 1st period - Michael McCarron wins face-off versus Aliaksei Protas in Senators zone.
17:31 of 1st period - Shot by Seth Griffith.
17:31 of 1st period - Stopped by Leevi Merilainen without a rebound.
17:32 of 1st period - Aliaksei Protas wins face-off versus Michael McCarron in Senators zone.
17:32 of 1st period - Aliaksei Protas is hit by Michael McCarron.
17:38 of 1st period - Michael McCarron is hit by Aliaksei Protas and loses puck.
17:47 of 1st period - Shot by Antoine Roussel.
17:47 of 1st period - Stopped by Kevin Poulin without a rebound.
17:48 of 1st period - Victor Rask wins face-off versus Akil Thomas in Phantoms zone.
17:55 of 1st period - Shot by Adam Mascherin.
17:55 of 1st period - Stopped by Leevi Merilainen without a rebound.
17:56 of 1st period - Aliaksei Protas wins face-off versus Michael McCarron in Senators zone.
18:57 of 1st period - Shot by Jack Rathbone.
18:57 of 1st period - Shot Hit the Post.
18:59 of 1st period - Shot by Wade Allison.
18:59 of 1st period - Shot Misses the Net.
19:05 of 1st period - Shot by Adam Beckman.
19:05 of 1st period - Shot Blocked by Jack Ramsey.
19:07 of 1st period - Shot by Akil Thomas.
19:07 of 1st period - Shot Blocked by Jack Ramsey.
19:09 of 1st period - Shot by Wade Allison.
19:09 of 1st period - Stopped by Kevin Poulin without a rebound.
19:10 of 1st period - Lucas Wallmark wins face-off versus Ben Jones in Phantoms zone.
19:10 of 1st period - Joshua Jacobs is hit by Ben Jones and loses puck.
19:29 of 1st period - Shot by Martin Chromiak.
19:29 of 1st period - Stopped by Kevin Poulin without a rebound.
19:30 of 1st period - Victor Rask wins face-off versus Akil Thomas in Phantoms zone.
19:47 of 1st period - Shot by Wade Allison.
19:47 of 1st period - Stopped by Kevin Poulin without a rebound.
19:48 of 1st period - Aliaksei Protas wins face-off versus Luke Henman in Phantoms zone.
19:49 of 1st period - Shot by Antoine Roussel.
19:49 of 1st period - Shot Misses the Net.
Goals for this period are 1 for Phantoms vs 3 for Senators.
Shots for this period are 11 for Phantoms vs 15 for Senators.

2nd period


0:01 of 2nd period - Michael McCarron wins face-off versus Aliaksei Protas in neutral zone.
0:09 of 2nd period - Tyler Sikura is hit by Ryan Merkley and loses puck.
0:26 of 2nd period - Shot by Jake Mccabe.
0:26 of 2nd period - Shot Blocked by Ryan Merkley.
0:28 of 2nd period - Shot by Seth Griffith.
0:28 of 2nd period - Stopped by Leevi Merilainen without a rebound.
0:29 of 2nd period - Akil Thomas wins face-off versus Victor Rask in Senators zone.
0:40 of 2nd period - Shot by Adam Beckman.
0:40 of 2nd period - Stopped by Kevin Poulin without a rebound.
0:41 of 2nd period - Ben Jones wins face-off versus Lucas Wallmark in Phantoms zone.
0:44 of 2nd period - Shot by Martin Chromiak.
0:44 of 2nd period - Goal by Martin Chromiak - Phantoms : 1 - Senators : 4.
0:44 of 2nd period - David Honzik enters game.
0:45 of 2nd period - Michael McCarron wins face-off versus Aliaksei Protas in neutral zone.
0:58 of 2nd period - Shot by Seth Griffith.
0:58 of 2nd period - Shot Misses the Net.
1:00 of 2nd period - Shot by Seth Griffith.
1:00 of 2nd period - Shot Misses the Net.
1:02 of 2nd period - Shot by Tyler Sikura.
1:02 of 2nd period - Stopped by Leevi Merilainen without a rebound.
1:03 of 2nd period - Akil Thomas wins face-off versus Manuel Wiederer in Senators zone.
1:20 of 2nd period - Shot by Manuel Wiederer.
1:20 of 2nd period - Stopped by Leevi Merilainen without a rebound.
1:21 of 2nd period - Seth Griffith wins face-off versus Cole Schwindt in Senators zone.
1:26 of 2nd period - Shot by Tyler Sikura.
1:26 of 2nd period - Shot Misses the Net.
1:28 of 2nd period - Shot by Seth Griffith.
1:28 of 2nd period - Shot Misses the Net.
1:48 of 2nd period - Shot by Ryan Merkley.
1:48 of 2nd period - Shot Blocked by Jake Mccabe.
2:42 of 2nd period - Shot by Victor Rask.
2:42 of 2nd period - Deflect By Manuel Wiederer.
2:42 of 2nd period - Stopped by Leevi Merilainen without a rebound.
2:43 of 2nd period - Lucas Wallmark wins face-off versus Ben Jones in Senators zone.
2:51 of 2nd period - Off-side.
2:52 of 2nd period - Ben Jones wins face-off versus Lucas Wallmark in neutral zone.
3:17 of 2nd period - Shot by Patrick Sieloff.
3:17 of 2nd period - Shot Misses the Net.
3:25 of 2nd period - Shot by Lucas Wallmark.
3:25 of 2nd period - Shot Misses the Net.
3:26 of 2nd period - Minor Penalty to Joey Keane for Roughing.
3:27 of 2nd period - Antoine Roussel wins face-off versus Michael McCarron in Senators zone.
3:44 of 2nd period - Shot by Seth Griffith.
3:44 of 2nd period - Shot Blocked by Jack Rathbone.
4:01 of 2nd period - Shot by Tyler Sikura.
4:01 of 2nd period - Stopped by Leevi Merilainen with a rebound.
4:30 of 2nd period - Shot by Wade Allison.
4:30 of 2nd period - Shot Blocked by Jake Mccabe.
5:25 of 2nd period - Shot by Ben Harpur.
5:25 of 2nd period - Stopped by Leevi Merilainen without a rebound.
5:26 of 2nd period - Lucas Wallmark wins face-off versus Akil Thomas in Senators zone.
5:35 of 2nd period - Shot by Joey Keane.
5:35 of 2nd period - Shot Misses the Net.
5:37 of 2nd period - Shot by Akil Thomas.
5:37 of 2nd period - Stopped by David Honzik without a rebound.
5:38 of 2nd period - Ben Jones wins face-off versus Victor Rask in Phantoms zone.
5:45 of 2nd period - Shot by Martin Chromiak.
5:45 of 2nd period - Stopped by David Honzik with a rebound.
6:00 of 2nd period - Manuel Wiederer is hit by Ian Mitchell and loses puck.
6:07 of 2nd period - Shot by Brady Keeper.
6:07 of 2nd period - Stopped by Leevi Merilainen with a rebound.
6:09 of 2nd period - Shot by Manuel Wiederer.
6:09 of 2nd period - Shot Blocked by Ian Mitchell.
7:37 of 2nd period - Adam Beckman is hit by Joshua Jacobs and loses puck.
7:40 of 2nd period - Shot by Adam Beckman.
7:40 of 2nd period - Shot Blocked by Jake Mccabe.
7:49 of 2nd period - Minor Penalty to Jake Mccabe for High sticking.
7:50 of 2nd period - Aliaksei Protas wins face-off versus Seth Griffith in Phantoms zone.
7:51 of 2nd period - Shot by Ryan Merkley.
7:51 of 2nd period - Stopped by David Honzik without a rebound.
7:52 of 2nd period - Aliaksei Protas wins face-off versus Seth Griffith in Phantoms zone.
8:05 of 2nd period - Shot by Ryan Merkley.
8:05 of 2nd period - Stopped by David Honzik with a rebound.
8:07 of 2nd period - Shot by Aliaksei Protas.
8:07 of 2nd period - Shot Misses the Net.
8:11 of 2nd period - Shot by Zac Jones.
8:11 of 2nd period - Stopped by David Honzik without a rebound.
8:12 of 2nd period - Michael McCarron wins face-off versus Akil Thomas in Phantoms zone.
9:43 of 2nd period - Shot by Joey Keane.
9:43 of 2nd period - Shot Blocked by Ben Harpur.
9:50 of 2nd period - Icing by Joey Keane.
9:51 of 2nd period - Victor Rask wins face-off versus Martin Chromiak in Senators zone.
10:13 of 2nd period - Off-side.
10:14 of 2nd period - Lucas Wallmark wins face-off versus Akil Thomas in neutral zone.
10:14 of 2nd period - Lucas Wallmark is hit by Wade Allison.
10:26 of 2nd period - Brady Keeper is hit by Wade Allison and loses puck.
10:37 of 2nd period - Shot by Zac Jones.
10:37 of 2nd period - Shot Misses the Net.
10:39 of 2nd period - Shot by Wade Allison.
10:39 of 2nd period - Shot Misses the Net.
11:17 of 2nd period - Shot by Aliaksei Protas.
11:17 of 2nd period - Shot Blocked by Lucas Wallmark.
11:29 of 2nd period - Layton Ahac is hit by Lucas Wallmark and loses puck.
11:46 of 2nd period - Shot by Alex Beaucage.
11:46 of 2nd period - Stopped by David Honzik without a rebound.
11:47 of 2nd period - Michael McCarron wins face-off versus Ben Jones in Phantoms zone.
12:08 of 2nd period - Shot by Michael McCarron.
12:08 of 2nd period - Stopped by Leevi Merilainen without a rebound.
12:09 of 2nd period - Victor Rask wins face-off versus Akil Thomas in Senators zone.
12:30 of 2nd period - Shot by Wade Allison.
12:30 of 2nd period - Shot Blocked by Victor Rask.
12:32 of 2nd period - Shot by Adam Beckman.
12:32 of 2nd period - Stopped by David Honzik without a rebound.
12:33 of 2nd period - Aliaksei Protas wins face-off versus Michael McCarron in Phantoms zone.
13:04 of 2nd period - Shot by Antoine Roussel.
13:04 of 2nd period - Stopped by David Honzik without a rebound.
13:05 of 2nd period - Akil Thomas wins face-off versus Victor Rask in Phantoms zone.
14:23 of 2nd period - Shot by Alex Beaucage.
14:23 of 2nd period - Shot Hit the Post.
14:25 of 2nd period - Shot by Joey Keane.
14:25 of 2nd period - Shot Blocked by Jake Mccabe.
15:03 of 2nd period - Shot by Antoine Roussel.
15:03 of 2nd period - Shot Misses the Net.
15:07 of 2nd period - Shot by Antoine Roussel.
15:07 of 2nd period - Stopped by David Honzik without a rebound.
15:08 of 2nd period - Akil Thomas wins face-off versus Lucas Wallmark in Phantoms zone.
15:35 of 2nd period - Shot by Wade Allison.
15:35 of 2nd period - Shot Blocked by Lucas Wallmark.
15:37 of 2nd period - Shot by Akil Thomas.
15:37 of 2nd period - Stopped by David Honzik without a rebound.
15:38 of 2nd period - Victor Rask wins face-off versus Aliaksei Protas in Phantoms zone.
15:38 of 2nd period - Victor Rask is hit by Antoine Roussel.
15:51 of 2nd period - Adam Mascherin is hit by Aliaksei Protas and loses puck.
16:35 of 2nd period - Jake Mccabe is hit by Ben Jones and loses puck.
16:48 of 2nd period - Shot by Michael McCarron.
16:48 of 2nd period - Shot Misses the Net.
16:58 of 2nd period - Shot by Ben Jones.
16:58 of 2nd period - Shot Misses the Net.
17:00 of 2nd period - Shot by Ben Jones.
17:00 of 2nd period - Goal by Ben Jones - Phantoms : 1 - Senators : 5.
17:01 of 2nd period - Akil Thomas wins face-off versus Lucas Wallmark in neutral zone.
17:08 of 2nd period - Shot by Wade Allison.
17:08 of 2nd period - Stopped by David Honzik without a rebound.
17:09 of 2nd period - Lucas Wallmark wins face-off versus Akil Thomas in Phantoms zone.
17:22 of 2nd period - Shot by Lucas Wallmark.
17:22 of 2nd period - Shot Misses the Net.
17:30 of 2nd period - Shot by Lucas Wallmark.
17:30 of 2nd period - Shot Misses the Net.
17:32 of 2nd period - Shot by Lucas Wallmark.
17:32 of 2nd period - Goal by Lucas Wallmark - Phantoms : 2 - Senators : 5.
17:33 of 2nd period - Victor Rask wins face-off versus Aliaksei Protas in neutral zone.
17:58 of 2nd period - Ian Mitchell is hit by Manuel Wiederer and loses puck.
18:44 of 2nd period - Icing by Aliaksei Protas.
18:45 of 2nd period - Lucas Wallmark wins face-off versus Aliaksei Protas in Senators zone.
19:11 of 2nd period - Icing by Antoine Roussel.
19:12 of 2nd period - Aliaksei Protas wins face-off versus Michael McCarron in Senators zone.
19:12 of 2nd period - Aliaksei Protas is hit by Michael McCarron.
19:22 of 2nd period - Shot by Michael McCarron.
19:22 of 2nd period - Shot Misses the Net.
19:24 of 2nd period - Shot by Ben Harpur.
19:24 of 2nd period - Shot Misses the Net.
19:26 of 2nd period - Shot by Seth Griffith.
19:26 of 2nd period - Deflect By Michael McCarron.
19:26 of 2nd period - Shot Blocked by Cole Schwindt.
Goals for this period are 1 for Phantoms vs 2 for Senators.
Shots for this period are 9 for Phantoms vs 14 for Senators.

3rd period


0:01 of 3rd period - Antoine Roussel wins face-off versus Michael McCarron in neutral zone.
0:12 of 3rd period - Shot by Aliaksei Protas.
0:12 of 3rd period - Shot Blocked by Joshua Jacobs.
0:20 of 3rd period - Shot by Antoine Roussel.
0:20 of 3rd period - Stopped by David Honzik without a rebound.
0:21 of 3rd period - Akil Thomas wins face-off versus Victor Rask in Phantoms zone.
0:36 of 3rd period - Shot by Adam Beckman.
0:36 of 3rd period - Stopped by David Honzik without a rebound.
0:37 of 3rd period - Aliaksei Protas wins face-off versus Michael McCarron in Phantoms zone.
0:42 of 3rd period - Shot by Antoine Roussel.
0:42 of 3rd period - Stopped by David Honzik without a rebound.
0:43 of 3rd period - Aliaksei Protas wins face-off versus Michael McCarron in Phantoms zone.
0:58 of 3rd period - Icing by Michael McCarron.
0:59 of 3rd period - Michael McCarron wins face-off versus Akil Thomas in Phantoms zone.
1:10 of 3rd period - Shot by Wade Allison.
1:10 of 3rd period - Deflect By Adam Beckman.
1:10 of 3rd period - Stopped by David Honzik without a rebound.
1:11 of 3rd period - Victor Rask wins face-off versus Aliaksei Protas in Phantoms zone.
1:22 of 3rd period - Shot by Victor Rask.
1:22 of 3rd period - Shot Misses the Net.
1:24 of 3rd period - Shot by Victor Rask.
1:24 of 3rd period - Shot Misses the Net.
1:34 of 3rd period - Shot by Victor Rask.
1:34 of 3rd period - Stopped by Leevi Merilainen with a rebound.
1:36 of 3rd period - Shot by Brady Keeper.
1:36 of 3rd period - Stopped by Leevi Merilainen without a rebound.
1:37 of 3rd period - Akil Thomas wins face-off versus Michael McCarron in Senators zone.
1:37 of 3rd period - Akil Thomas is hit by Michael McCarron.
2:00 of 3rd period - Seth Griffith is hit by Wade Allison and loses puck.
2:20 of 3rd period - Wade Allison is hit by Jake Mccabe and loses puck.
3:01 of 3rd period - Shot by Manuel Wiederer.
3:01 of 3rd period - Stopped by Leevi Merilainen with a rebound.
3:03 of 3rd period - Shot by Manuel Wiederer.
3:03 of 3rd period - Stopped by Leevi Merilainen without a rebound.
3:04 of 3rd period - Victor Rask wins face-off versus Ben Jones in Senators zone.
3:05 of 3rd period - Shot by Manuel Wiederer.
3:05 of 3rd period - Stopped by Leevi Merilainen without a rebound.
3:06 of 3rd period - Victor Rask wins face-off versus Alex Beaucage in Senators zone.
3:09 of 3rd period - Shot by Manuel Wiederer.
3:09 of 3rd period - Shot Misses the Net.
3:57 of 3rd period - Icing by Adam Mascherin.
3:58 of 3rd period - Victor Rask wins face-off versus Aliaksei Protas in Phantoms zone.
4:11 of 3rd period - Icing by Ben Harpur.
4:12 of 3rd period - Victor Rask wins face-off versus Wade Allison in Phantoms zone.
4:43 of 3rd period - Shot by Adam Beckman.
4:43 of 3rd period - Stopped by David Honzik without a rebound.
4:44 of 3rd period - Aliaksei Protas wins face-off versus Michael McCarron in Phantoms zone.
4:45 of 3rd period - Shot by Antoine Roussel.
4:45 of 3rd period - Shot Misses the Net.
4:47 of 3rd period - Shot by Aliaksei Protas.
4:47 of 3rd period - Stopped by David Honzik without a rebound.
4:48 of 3rd period - Michael McCarron wins face-off versus Cole Schwindt in Phantoms zone.
5:17 of 3rd period - Shot by Cole Schwindt.
5:17 of 3rd period - Stopped by David Honzik without a rebound.
5:18 of 3rd period - Lucas Wallmark wins face-off versus Wade Allison in Phantoms zone.
6:30 of 3rd period - Jamieson Rees is hit by Michael McCarron and loses puck.
7:19 of 3rd period - Shot by Martin Chromiak.
7:19 of 3rd period - Shot Misses the Net.
8:04 of 3rd period - Ian Mitchell is hit by Victor Rask and loses puck.
8:33 of 3rd period - Shot by Tyler Sikura.
8:33 of 3rd period - Stopped by Leevi Merilainen without a rebound.
8:34 of 3rd period - Aliaksei Protas wins face-off versus Lucas Wallmark in Senators zone.
8:34 of 3rd period - Aliaksei Protas is hit by Brett McKenzie.
8:45 of 3rd period - Off-side.
8:46 of 3rd period - Lucas Wallmark wins face-off versus Jamieson Rees in neutral zone.
11:08 of 3rd period - Shot by Ben Jones.
11:08 of 3rd period - Stopped by David Honzik without a rebound.
11:09 of 3rd period - Ben Jones wins face-off versus Lucas Wallmark in Phantoms zone.
11:20 of 3rd period - Shot by Martin Chromiak.
11:20 of 3rd period - Shot Blocked by Jake Mccabe.
11:35 of 3rd period - Jake Mccabe is hit by Ben Jones and loses puck.
11:54 of 3rd period - Shot by Michael McCarron.
11:54 of 3rd period - Stopped by Leevi Merilainen without a rebound.
11:55 of 3rd period - Akil Thomas wins face-off versus Adam Mascherin in Senators zone.
12:06 of 3rd period - Shot by Adam Beckman.
12:06 of 3rd period - Shot Misses the Net.
12:20 of 3rd period - Shot by Manuel Wiederer.
12:20 of 3rd period - Shot Misses the Net.
12:22 of 3rd period - Shot by Victor Rask.
12:22 of 3rd period - Shot Misses the Net.
12:24 of 3rd period - Shot by Jack Ramsey.
12:24 of 3rd period - Shot Misses the Net.
13:51 of 3rd period - Shot by Martin Chromiak.
13:51 of 3rd period - Shot Hit the Post.
13:53 of 3rd period - Shot by Ben Jones.
13:53 of 3rd period - Stopped by David Honzik without a rebound.
13:54 of 3rd period - Lucas Wallmark wins face-off versus Jamieson Rees in Phantoms zone.
15:19 of 3rd period - Shot by Adam Beckman.
15:19 of 3rd period - Deflect By Akil Thomas.
15:19 of 3rd period - Stopped by David Honzik without a rebound.
15:20 of 3rd period - Tyler Sikura wins face-off versus Ben Jones in Phantoms zone.
15:33 of 3rd period - Icing by Joshua Jacobs.
15:34 of 3rd period - Luke Henman wins face-off versus Akil Thomas in Phantoms zone.
15:34 of 3rd period - Luke Henman is hit by Wade Allison.
15:44 of 3rd period - Shot by Akil Thomas.
15:44 of 3rd period - Deflect By Wade Allison.
15:44 of 3rd period - Goal by Wade Allison - Phantoms : 2 - Senators : 6.
15:45 of 3rd period - Victor Rask wins face-off versus Ben Jones in neutral zone.
16:03 of 3rd period - Icing by Joey Keane.
16:04 of 3rd period - Ben Jones wins face-off versus Lucas Wallmark in Senators zone.
16:22 of 3rd period - Minor Penalty to Ben Jones for Tripping.
16:23 of 3rd period - Michael McCarron wins face-off versus Antoine Roussel in Senators zone.
16:26 of 3rd period - Shot by Tyler Sikura.
16:26 of 3rd period - Deflect By Michael McCarron.
16:26 of 3rd period - Stopped by Leevi Merilainen without a rebound.
16:27 of 3rd period - Michael McCarron wins face-off versus Antoine Roussel in Senators zone.
16:44 of 3rd period - Shot by Tyler Sikura.
16:44 of 3rd period - Stopped by Leevi Merilainen without a rebound.
16:45 of 3rd period - Antoine Roussel wins face-off versus Victor Rask in Senators zone.
17:06 of 3rd period - Shot by Manuel Wiederer.
17:06 of 3rd period - Shot Blocked by Ryan Merkley.
17:14 of 3rd period - Shot by Ben Harpur.
17:14 of 3rd period - Shot Blocked by Antoine Roussel.
17:16 of 3rd period - Shot by Ben Harpur.
17:16 of 3rd period - Stopped by Leevi Merilainen without a rebound.
17:17 of 3rd period - Antoine Roussel wins face-off versus Tyler Sikura in Senators zone.
17:17 of 3rd period - Antoine Roussel is hit by Michael McCarron.
17:27 of 3rd period - Shot by Joshua Jacobs.
17:27 of 3rd period - Shot Misses the Net.
18:15 of 3rd period - Jack Rathbone is hit by Manuel Wiederer and loses puck.
18:39 of 3rd period - Icing by Joey Keane.
18:40 of 3rd period - Victor Rask wins face-off versus Ben Jones in Senators zone.
18:48 of 3rd period - Adam Mascherin is hit by Joey Keane and loses puck.
18:51 of 3rd period - Shot by Adam Mascherin.
18:51 of 3rd period - Shot Misses the Net.
18:53 of 3rd period - Shot by Victor Rask.
18:53 of 3rd period - Shot Misses the Net.
18:55 of 3rd period - Shot by Manuel Wiederer.
18:55 of 3rd period - Shot Misses the Net.
18:57 of 3rd period - Shot by Victor Rask.
18:57 of 3rd period - Stopped by Leevi Merilainen with a rebound.
18:59 of 3rd period - Shot by Brady Keeper.
18:59 of 3rd period - Shot Misses the Net.
19:01 of 3rd period - Shot by Manuel Wiederer.
19:01 of 3rd period - Stopped by Leevi Merilainen without a rebound.
19:02 of 3rd period - Akil Thomas wins face-off versus Lucas Wallmark in Senators zone.
19:55 of 3rd period - Akil Thomas is hit by Lucas Wallmark and loses puck.
Goals for this period are 0 for Phantoms vs 1 for Senators.
Shots for this period are 12 for Phantoms vs 11 for Senators.